AoeStats
← Danger

Arabia

510213168Analyzed
1v1 RM · 2d ago on Sep 30, 2026· 48m 31s· 2 players
Game mode
Random Map
Map size
Tiny (2 player)
Population
200
Speed
Normal
Resources
Standard
Victory
Conquest
Starting age
Dark Age
Ending age
Imperial Age
RankedLock teamsTeams togetherTeam positionsShared explorationLock speedFull tech treeHidden civsTurbo modeCheats
Victory
Defeat
🇲🇽 Inca · Mexico
1132
+18
🇨🇳 Chinese · China
1169
-18
arbiterws
0:26 Loom
10:33 Feudal Age
14:32 Double-Bit Axe
21:28 Castle Age
19:25 Fletching
21:36 Scale Barding Armor
21:37 Scale Mail Armor
23:28 Wheelbarrow
23:59 Forging
24:13 Squires
24:53 Chain Mail Armor
47:46 Imperial Age
46:29 Gold Mining
46:52 Bow Saw
46:47 Town Watch
Danger
6:50 Loom
9:25 Feudal Age
9:51 Horse Collar
10:00 Double-Bit Axe
13:28 Champi Runner
15:07 Forging
18:15 Scale Mail Armor
19:32 Wheelbarrow
20:12 Arson
21:19 Horse Collar
27:47 Castle Age
26:17 Stone Mining
28:44 Champi Warrior
29:32 Squires
29:50 Chain Mail Armor
39:18 Fletching
42:27 Bodkin Arrow
48:28 Imperial Age
46:20 Hand Cart
48:00 Iron Casting
Connection lost

Rejoining the realm…

Still unreachable

The connection could not be restored.

Session expired

The server has moved on; the page needs a fresh start.